 Dungeon Crawl Stone Soup version 0.31.0-32-g396128a36d (webtiles) character file.

Game seed: 18405784028819448981

132 Echedenyan the Conjurer (level 5, -1/31 HPs)
             Began as an Octopode Conjurer on Mar 29, 2024.
             Slain by an orc priest
             ... wielding a +0 falchion
              (9 damage)
             ... on level 4 of the Dungeon.
             The game lasted 00:14:02 (4004 turns).

Echedenyan the Conjurer (Octopode Conjurer)         Turns: 4004, Time: 00:14:03

Health: -1/31      AC:  1    Str:  5 (6)  XL:     5   Next: 15%
Magic:  1/9        EV: 13    Int: 21 (23) God:
Gold:   114        SH:  0    Dex:  9 (10) Spells: 8/9 levels left

rFire   + . .        d - +0 rapier
rCold   . . .        (no shield)
rNeg    . . .        (helmet restricted)
rPois   .            (no amulet)
rElec   .            b - ring of protection from fire
rCorr   .            (no ring)
SInv    .            (no ring)
Will    .....        (no ring)
Stlth   +++          (no ring)
HPRegen 0.25/turn    (no ring)
MPRegen 0.11/turn    (no ring)
                     (no ring)

%: no passive effects
@: no status effects
A: almost no armour, amphibious, 8 rings, camouflage 1, gelatinous body 1,
(nimble swimmer 1), tentacles
a: no special abilities


You were on level 4 of the Dungeon.
You visited 1 branch of the dungeon, and saw 4 of its levels.

You collected 114 gold pieces.

Inventory:

Hand Weapons
 d - a +0 rapier (weapon)
 m - a +0 dagger
Armour
 c - an orb of mayhem
 e - a +0 ring mail
 f - the +5 ring mail of Unienaohu {Rampage rF+ rCorr Stlth+}
   (You found it on level 3 of the Dungeon)

   rF+:       It protects you from fire.
   rCorr:     It protects you from acid and corrosion.
   Rampage:   It bestows one free step when moving towards enemies.
   Stlth+:    It makes you more stealthy.
 j - a +0 helmet
 k - a +0 plate armour
 l - a +0 robe
Jewellery
 b - a ring of protection from fire (left tentacle)
Potions
 a - a potion of magic
 g - a potion of haste
 h - a potion of attraction
 i - a potion of heal wounds {unknown}


   Skills:
 + Level 0.2 Fighting
 + Level 2.6 Dodging
 + Level 3.3 Stealth
 + Level 2.6 Spellcasting
 + Level 5.4 Conjurations


You had 8 spell levels left.
You knew the following spells:

 Your Spells              Type           Power      Damage    Failure   Level
a - Magic Dart            Conj           100%       1d8       1%          1

Your spell library contained the following spells:

 Spells                   Type           Power      Damage    Failure   Level
 Searing Ray              Conj           50%        2d6       2%          2
 Ozocubu's Armour         Ice            2%         N/A       38%         3
 Fulminant Prism          Conj/Alch      7%         3d6       41%         4
 Iskenderun's Mystic Bla  Conj/Tloc      14%        2d5       41%         4
 Metabolic Englaciation   Hex/Ice        1%         N/A       98%         5
 Sculpt Simulacrum        Ice/Alch       1%         N/A       100%        6


Dungeon Overview and Level Annotations

Branches:
Dungeon (4/15)
 Temple: D:4-7

Altars:

Annotations:
D:2 1 runed translucent door, Crazy Yiuf


Innate Abilities, Weirdness & Mutations

You cannot wear most types of armour.
You are amphibious.
You can wear up to eight rings at the same time.
Your skin changes colour to match your surroundings (Stealth+).
Your rubbery body absorbs attacks. (AC +1, EV +1)
((You are camouflaged when in or above water. (Stealth+)))
You have tentacles for arms and can constrict up to eight enemies at once.


Message History

The orc shouts!
The magic dart hits the orc.
You kill the orc!
An orc comes into view. It is wielding a +0 club.
The magic dart hits the orc.
The orc is almost dead.
The orc barely misses you.
A kobold comes into view.
It is wielding a +0 whip and quivering poisoned darts.
The magic dart hits the orc but does no damage.
The orc is almost dead.
The orc hits you from afar with a +0 trident!
The magic dart hits the orc.
You kill the orc!
The magic dart hits the orc.
The orc is lightly wounded.
The orc hits you with a +0 club.
You miscast Magic Dart.
You are very lightly contaminated with residual magic.
Nothing appears to happen.
The orc hits you with a +0 club.
The magic dart hits the orc.
The orc is almost dead.
The orc hits you with a +0 club.
The magic dart hits the orc.
You kill the orc!
The kobold throws a poisoned dart.
The poisoned dart closely misses you.
The magic dart hits the kobold.
You kill the kobold!
An orc priest comes into view. It is wielding a +0 falchion.
Your magical contamination has completely faded away.
You hit the orc priest. You grab the orc priest.
The orc priest is moderately wounded.
You constrict the orc priest.
The orc priest mumbles some strange prayers to Beogh against you.
Beogh smites you!
* * * LOW HITPOINT WARNING * * *
You barely miss the orc priest.
The orc priest is moderately wounded.
You constrict the orc priest.
The orc priest hits you with a +0 falchion!
You die...

#.........#.<... #...#
#.........#..... ##...#
#.........#..... ....#
#.........#..... #...#
#.........#).... #...#
#####.#.###..... #...#
#.....#.###.....
#..#####.#...#.........
#....o@....#.##########
#)######.#.#...........
#) #.############## o)
#.............## ###
############.... #####


You could see an orc priest.

Vanquished Creatures
  Jessica (D:2)
  3 adders
  A dart slug (D:1)
  A ribbon worm (D:3)
  5 orcs
  6 bats
  8 endoplasms
  A giant cockroach (D:1)
  4 goblins
  2 hobgoblins
  9 jackals
  6 kobolds
  A quokka (D:1)
  9 ball pythons
  4 frilled lizards
  8 rats
69 creatures vanquished.

Notes
Turn   | Place    | Note
-------+----------+-------------------------------------------
     0 | D:1      | Echedenyan the Octopode Conjurer began the quest for the
                  | Orb.
     0 | D:1      | Reached XP level 1. HP: 11/11 MP: 3/3
   292 | D:1      | Found a faded altar of an unknown god.
   386 | D:1      | Reached XP level 2. HP: 17/17 MP: 1/5
  1362 | D:2      | Noticed Jessica
  1366 | D:2      | Killed Jessica
  1367 | D:2      | Reached skill level 5 in Conjurations
  1367 | D:2      | Reached XP level 3. HP: 21/21 MP: 1/6
  1595 | D:2      | Reached XP level 4. HP: 27/27 MP: 2/7
  2346 | D:2      | Found a runed translucent door.
  2347 | D:2      | Noticed Crazy Yiuf
  3174 | D:3      | Reached XP level 5. HP: 31/31 MP: 5/8
  3306 | D:3      | Identified the +5 ring mail of Unienaohu {Rampage rF+ rCorr
                  | Stlth+}
  4004 | D:4      | Slain by an orc priest

Illustrated notes

Levels and vault maps discovered:
D:1:      scummos_arrival_hexagon, layout_basic,
          chequers_ecumenical_altar_twisty
D:2:      layout_loops_ring, uniq_jessica, uniq_crazy_yiuf_cottage
D:3:      layout_loops_ring
D:4:      layout_basic, mainiacjoe_overflow_chevrons, uniq_pikel

Skill      XL: |  1  2  3  4 |
---------------+-------------+-----
Conjurations   | 5 |  5.4
Stealth        | 3 |  3.3
Fighting       | |  0.2
Dodging        | |  2.6
Spellcasting   | |  2.6

Action                     |  1- 3 |  4- 6 || total
---------------------------+-------+-------++-------
  Melee: Unarmed           |     4 |     4 ||     8
         Constrict         |     1 |     5 ||     6
         Rapier            |       |    17 ||    17
         Tentacles         |       |     3 ||     3
   Cast: Magic Dart        |    45 |    81 ||   126
    Use: Potion            |       |     5 ||     5
         Scroll            |       |     3 ||     3
 Armour: Skin              |     6 |    26 ||    32
  Dodge: Dodged            |     7 |    14 ||    21
